Cogmind - Beta 17 --- EXPLORER MODE // 2026.08.12 @ 19:04:45 Player: M1-K3 Result: Destroyed by 12-ZFT(j) with Overtuned Pulse Rifle Performance ------------- Evolutions (0) 0 Regions Visited (3) 600 Robots Destroyed (14) 70 Value Destroyed (459) 459 Prototype IDs (10) 200 Alien Tech Used (0) 0 Bonus (6000) 6000 TOTAL SCORE: 7329 Bonus ------- Prayed to X0-1V1 5000 Major X0-1V1 Interference 200 Registered with UFD 300 Met Optimus in HQ 500 Cogmind --------- Core Integrity 0/250 Matter 270/300 Energy 122/340 System Corruption 0% Temperature Cool (17) Movement Walking (100) Location -8/Scraptown Parts ------- > --- POWER (1) -------- Graviton Reactor > --- PROPULSION (2) --- Overtuned Titanium Leg Overtuned Titanium Leg > --- UTILITY (2) ------ Experimental Power Shielding X0-1V1's Piety Tracker > --- WEAPON (3) ------- Companion Sword > --- INVENTORY (5) ---- Improved Ion Engine Light Treads Overtuned Titanium Leg Makeshift Microdissipator Network Hardened Light Armor Plating Peak State ------------ > --- POWER ------------ Light Nuclear Core > --- PROPULSION ------- Overtuned Titanium Leg Overtuned Titanium Leg > --- UTILITY ---------- Makeshift Microdissipator Network X0-1V1's Piety Tracker > --- WEAPON ----------- Overtuned Pulse Rifle Overtuned Barrage Gun Thermal Lance > --- INVENTORY -------- Improved Ion Engine Light Treads Hardened Light Armor Plating Vortex Trap DRS Beacon [Rating: 43] Favorites ----------- Power Light Nuclear Core Engine Light Ion Engine Power Core Light Nuclear Core Reactor Graviton Reactor Propulsion Aluminum Leg Leg Aluminum Leg Wheel Wheel Utility X0-1V1's Piety Tracker Device X0-1V1's Piety Tracker Storage Medium Storage Unit Processor Machine Analyzer Protection Power Shielding Weapon Medium Laser Energy Gun Medium Laser Ballistic Gun Overtuned Barrage Gun Special Weapon CPS Tube Slashing Weapon Companion Sword Piercing Weapon Thermal Lance Build | -11 -10 -10 -8 ------- Run | Yrd Mat Sub Scr Slots Evolved 1 | . 1 . . Power . | . . . . Propulsion . | . . . . Utility . | . . . . Weapon 1 | . 1 . . Parts Attached 33 | . 10 . 23 Power 4 | . 2 . 2 Engine 1 | . . . 1 Core 2 | . 2 . . Reactor 1 | . . . 1 Propulsion 10 | . 2 . 8 Treads . | . . . . Leg 9 | . 2 . 7 Wheel 1 | . . . 1 Hover . | . . . . Flight . | . . . . Utility 10 | . 3 . 7 Device 5 | . 2 . 3 Storage . | . . . . Processor 2 | . . . 2 Hackware . | . . . . Protection 3 | . 1 . 2 Artifact . | . . . . Weapon 9 | . 3 . 6 Energy Gun 4 | . 3 . 1 Energy Cannon . | . . . . Ballistic Gun 1 | . . . 1 Ballistic Cannon . | . . . . Launcher . | . . . . Special Weapon 1 | . . . 1 Impact Weapon . | . . . . Slashing Weapon 1 | . . . 1 Piercing Weapon 2 | . . . 2 Special Melee Weapon . | . . . . Unidentified Prototypes 4 | . . . 4 Parts Lost 3 | . . . 3 Power 2 | . . . 2 Propulsion . | . . . . Utility . | . . . . Weapon 1 | . . . 1 Highest Loss Streak 2 | . . . 2 To Critical Strikes . | . . . . Average Backups 6 | . 9 10 5 Power 1 | . 1 1 1 Propulsion 1 | . 2 2 1 Utility 4 | . 5 7 3 Weapon . | . . . . Tool/Special . | . . . . Unused Backups 21 | . 13 . 8 Power 5 | . 4 . 1 Propulsion 5 | . 3 . 2 Utility 8 | . 3 . 5 Weapon 3 | . 3 . . Tool/Special . | . . . . Average Slot Usage (%) 95 | . 97 100 94 Core 11 | . 8 12 11 Leg 25 | . 25 25 25 Device 14 | . 8 12 16 Storage 5 | . 12 12 2 Energy Gun 27 | . 34 37 23 Ballistic Gun 3 | . . . 4 Special Weapon 4 | . . . 6 Peak Build Rating 43 | . 12 12 43 Average Rating 19 | . 9 12 23 On Entrance 9 | 7 7 12 12 Avg Prop Armor Cover (%) 8 | . . . 8 Naked Turns . | . . . . Heaviest Build 25 | 16 21 21 25 Greatest Support 38 | 20 20 20 38 Greatest Overweight (x) 5 | . 1 1 5 Average Overweight (x) . | . . 1 . Largest Inventory Capacity 10 | . 10 10 10 Average Capacity 7 | . 10 10 5 Most Carried 10 | . 10 10 10 Average Carried 7 | . 9 10 5 Final Capacity 10 | 10 10 10 5 Final Carried 10 | 7 10 10 5 Class Distribution -------------------- 35% | Hacker-Skirmisher 28% | Hacker-Gunner 26% | Hacker-Tank 9% | Hacker-Mutant Dominant Class ---------------- Hacker-Skirmisher | -10/Materials Hacker-Skirmisher | -10/Subcaves Hacker-Gunner | -8/Scraptown Resources | -11 -10 -10 -8 ----------- Run | Yrd Mat Sub Scr Matter Collected 608 | 200 100 10 298 Remotely . | . . . . Salvage Created 588 | . 375 . 213 Parts 41 | . 28 . 13 Haulers Intercepted . | . . . . Recyclers Shooed . | . . . . Parts Field Recycled . | . . . . Retrieved Matter . | . . . . Parts Self-Destructed . | . . . . Prevented . | . . . . Parts Restored . | . . . . Kills | -11 -10 -10 -8 ------- Run | Yrd Mat Sub Scr Combat Hostiles Destroyed 10 | . 7 . 3 Guns 10 | . 7 . 3 Classes Destroyed 7 | . 4 . 3 Builder 1 | . 1 . . Tunneler 1 | . 1 . . Watcher 2 | . 2 . . Grunt 7 | . 7 . . Explorer 1 | . . . 1 Scientist 1 | . . . 1 Scrapper 2 | . . . 2 Best Kill Streak 3 | . 3 . 2 Combat Bots Only 2 | . 2 . 1 Max Kills in Single Turn 2 | . 2 . 1 Gunslinging . | . . . . Exploded . | . . . . Melee . | . . . . Uniques/NPCs Destroyed . | . . . . Combat | -11 -10 -10 -8 -------- Run | Yrd Mat Sub Scr Hostile Shots Fired 86 | . 25 . 61 Missed 16 | . 6 . 10 Hits 70 | . 19 . 51 Projectile 70 | . 19 . 51 Critical Strikes 5 | . . . 5 Damage Taken 819 | . 155 . 664 Core 251 | . 38 . 213 Absorbed by Shields 12 | . . . 12 Redirected to Shielding 2 | . 2 . . Ignored by Resistances 497 | . 97 . 400 Core Remaining (%) 100 | 100 . . . Volleys Fired 39 | . 19 . 20 Largest 3 | . 3 . 3 Hottest 140 | . 140 . 110 Shots Fired 92 | . 57 . 35 Gun 90 | . 57 . 33 Cannon . | . . . . Launcher . | . . . . Special 2 | . . . 2 Kinetic 13 | . . . 13 Thermal 77 | . 57 . 20 Explosive . | . . . . Electromagnetic . | . . . . Robot Hit Streak 30 | . 17 . 30 Robot Miss Streak 1 | . 1 . 1 Penetration Max . | . . . . Secondary Targets 1 | . 1 . . Max Gunslinging Chain 1 | . 1 . . Shots Hit Robots 70 | . 41 . 29 Core Hits 31 | . 21 . 10 Critical Kills . | . . . . Critical Parts Destroyed . | . . . . Critical Strikes 2 | . 1 . 1 Burn 2 | . 1 . 1 Melee Attacks 1 | . . . 1 Impact . | . . . . Slashing 1 | . . . 1 Piercing . | . . . . Sneak Attacks . | . . . . Combat Hostiles . | . . . . Follow-up Attacks . | . . . . Damage Inflicted 974 | . 504 . 470 Guns 938 | . 504 . 434 Cannons . | . . . . Explosions . | . . . . Melee 36 | . . . 36 Ramming . | . . . . Kinetic 221 | . . . 221 Thermal 717 | . 504 . 213 Explosive . | . . . . Electromagnetic . | . . . . Impact . | . . . . Slashing 36 | . . . 36 Piercing . | . . . . Highest Corruption 8 | . . . 8 Average Corruption 8 | . . . 8 Corruption Purged . | . . . . Corruption Blocked . | . . . . Effects 5 | . . . 5 Message Errors 3 | . . . 3 Matter Fused 1 | . . . 1 Heat Flow Errors 1 | . . . 1 Overload Shots . | . . . . Overflow Damage . | . . . . Projectiles . | . . . . Explosions . | . . . . Melee . | . . . . Knockbacks . | . . . . Impact . | . . . . Kinetic . | . . . . Secondary . | . . . . Self-Inflicted Damage . | . . . . Shots . | . . . . Rammed . | . . . . Targets Rammed . | . . . . Kicked . | . . . . Crushed . | . . . . Highest Temperature 449 | . 449 . 113 Average Temperature 141 | . 167 . 35 Received Heat Transfer 788 | . 144 . 644 Effects 8 | . 8 . . Shutdowns 2 | . 2 . . Energy Bleed 1 | . 1 . . Damage (minor) 1 | . 1 . . Damage (major) 4 | . 4 . . Siege Activations . | . . . . Martial Activations . | . . . . Shielding Activations . | . . . . Robots Disrupted . | . . . . Combat Hostiles . | . . . . Robots Corrupted . | . . . . Combat Hostiles . | . . . . Parts Fried . | . . . . Impact Corruptions . | . . . . Robots Melted . | . . . . Combat Hostiles . | . . . . Parts Melted 10 | . 5 . 5 Heat Transferred 1924 | . 1401 . 523 Parts Sabotaged . | . . . . Parts Stolen . | . . . . Parts Stripped . | . . . . Power Chain Reactions . | . . . . Alert | -11 -10 -10 -8 ------- Run | Yrd Mat Sub Scr Maximum Alert Level . | . . . . Low Security (%) 100 | . 100 . . Level 1 . | . . . . Level 2 . | . . . . Level 3 . | . . . . Level 4 . | . . . . Level 5 . | . . . . High Security . | . . . . Max Security . | . . . . Peak Influence 61 | . 61 . . Initial . | . . . . Average 11 | . 11 . . Influence Increases 205 | . 205 . . Destroy 0b10 Robot/C 140 | . 140 . . Destroy 0b10 Robot/NC 20 | . 20 . . Destroy Leader 34 | . 34 . . Successful Hack 10 | . 10 . . Destroy Structure 1 | . 1 . . Influence Decreases 205 | . 200 5 . Entered New Map 4 | . . 4 . Time Decay 201 | . 200 1 . Squads Dispatched . | . . . . Investigation . | . . . . Extermination . | . . . . Reinforcement . | . . . . Assault . | . . . . Garrison . | . . . . Intercept . | . . . . Searches Triggered . | . . . . Construction Impeded . | . . . . Haulers Reinforced . | . . . . Active Scanning Responses . | . . . . Cargo Convoy Interrupts . | . . . . Stealth | -11 -10 -10 -8 --------- Run | Yrd Mat Sub Scr Distress Signals . | . . . . Communications Jammed . | . . . . Distress Signals . | . . . . Times Spotted 29 | . 9 . 20 Peak Tracking Total 9 | . 2 . 9 Tactical Retreats . | . . . . Traps | -11 -10 -10 -8 ------- Run | Yrd Mat Sub Scr Traps Triggered 1 | . 1 . . Indirectly . | . . . . Trap Hack Attempts . | . . . . Triggered . | . . . . Disarmed . | . . . . Reprogrammed . | . . . . Reused . | . . . . Traps Extracted . | . . . . Installed . | . . . . Triggered . | . . . . Most Traps Carried 1 | . . . 1 Machines | -11 -10 -10 -8 ---------- Run | Yrd Mat Sub Scr Machines Disabled . | . . . . Max in Single Turn . | . . . . Machines Repaired . | . . . . Machines Dismantled . | . . . . Machines Sabotaged . | . . . . Overloaded Fab Kills . | . . . . Hacking | -11 -10 -10 -8 --------- Run | Yrd Mat Sub Scr Machines Accessed 14 | . 4 . 10 Terminals 4 | . 4 . . Fabricators . | . . . . Repair Stations . | . . . . Recycling Units . | . . . . Scanalyzers . | . . . . Garrison Access . | . . . . Total Hacks 66 | . 8 . 58 Successful 65 | . 7 . 58 Failed 1 | . 1 . . Catastrophic . | . . . . Database Lockouts . | . . . . Manual 4 | . 4 . . Terminals 8 | . 8 . . Fabricators . | . . . . Repair Stations . | . . . . Recycling Units . | . . . . Scanalyzers . | . . . . Garrison Access . | . . . . Terminal Hacks 62 | . 4 . 58 Record 50 | . . . 50 Robot Analysis 6 | . . . 6 Open Door 1 | . . . 1 Emergency Access Points 1 | . 1 . . Security Status 1 | . 1 . . Zone Layout 2 | . 2 . . Proto ID Catalog 1 | . . . 1 Fabricator Hacks . | . . . . Repair Station Hacks . | . . . . Recycling Unit Hacks . | . . . . Scanalyzer . | . . . . Garrison Access Hacks . | . . . . Unauthorized Hacks 3 | . 3 . . Terminals 3 | . 3 . . Botnet 3 | . 3 . . Fabricators . | . . . . Repair Stations . | . . . . Recycling Units . | . . . . Scanalyzers . | . . . . Garrison Access . | . . . . Data Cores Recovered . | . . . . Used . | . . . . Hacking Detections 3 | . 3 . . Full Trace Events 1 | . 1 . . Feedback Events . | . . . . Feedback Blocked . | . . . . Robot Schematics Acquired . | . . . . Robots Built . | . . . . Authchips . | . . . . Time . | . . . . Total Robot Build Rating . | . . . . Part Schematics Acquired . | . . . . Parts Built . | . . . . Authchips . | . . . . Time . | . . . . Total Part Build Rating . | . . . . Part Studies Acquired . | . . . . Parts Repaired . | . . . . Time . | . . . . Parts Recycled . | . . . . Recycled Matter . | . . . . Retrieved Matter . | . . . . Retrieved Components . | . . . . Parts Scanalyzed . | . . . . Part Schematics Acquired . | . . . . Parts Damaged . | . . . . Bothacking | -11 -10 -10 -8 ------------ Run | Yrd Mat Sub Scr Used RIF Installer . | . . . . Robots Hacked . | . . . . Non-combat . | . . . . Combat . | . . . . Robot Hacks Applied . | . . . . Relay Couplers Released . | . . . . Fabnet Peak Effective % . | . . . . Robots Rewired . | . . . . Allies Hacked . | . . . . Hacks Repelled . | . . . . Allies | -11 -10 -10 -8 -------- Run | Yrd Mat Sub Scr Total Allies . | . . . . Largest Group . | . . . . Highest-Rated Group . | . . . . Highest-Rated Ally . | . . . . Total Orders . | . . . . Ally Attacks . | . . . . Total Damage . | . . . . Kills . | . . . . Allies Corrupted . | . . . . Allies Melted 3 | . . . 3 X0-1V1 Amusement Gains 107 | . 10 . 97 Good Acts 3 | . . . 3 Bad Acts 3 | . . 1 2 Intel | -11 -10 -10 -8 ------- Run | Yrd Mat Sub Scr Active Infowar (turns) 1275 | . 428 364 483 Sensors 1208 | . 428 364 416 Machine Analysis 67 | . . . 67 Robot Analysis Total 6 | . . . 6 Derelict Logs Recovered 2 | . . 2 . Drone Launches . | . . . . Drone Recoveries . | . . . . Exploration | -11 -10 -10 -8 ------------- Run | Yrd Mat Sub Scr Turns Passed 3227 | . 601 364 2262 Spaces Moved 2175 | 1 295 190 1689 Core 6 | . . . 6 Treads . | . . . . Legs 2168 | 1 295 190 1682 Wheels 1 | . . . 1 Hover . | . . . . Flight . | . . . . Fastest Speed 90 | 120 120 190 90 Average Speed 137 | 120 161 190 127 Slowest Speed 300 | 120 190 190 300 Overloaded Moves . | . . . . Propulsion Burnouts . | . . . . Robots Hopped . | . . . . Potential Cave-ins . | . . . . Cave-ins Triggered . | . . . . Exploration Rate (%) 38 | 2 49 15 89 Regions Visited 3 Branch Regions 2 Pre-discovered Areas 1 | . . 1 . Known Exits Taken 2 | 1 1 . . Unknown Exits Taken 1 | . . 1 . Scrap Searched 4 | . . . 4 Spaces Dug . | . . . . Terrain Destroyed . | . . . . Melee . | . . . . Projectile . | . . . . AOE . | . . . . Terrain Rammed . | . . . . Walls Destroyed . | . . . . Machines Disabled . | . . . . Actions | -11 -10 -10 -8 --------- Run | Yrd Mat Sub Scr Total 2340 | . 380 193 1767 Wait 37 | . 34 . 3 Move 2172 | . 294 189 1689 Hop . | . . . . Pick Up 12 | . 10 . 2 Fast Attach 17 | . . . 17 Attach 2 | . 2 . . Detach 3 | . . . 3 Swap 20 | . 9 . 11 Drop 33 | . 12 . 21 Fire 39 | . 19 . 20 Melee 1 | . . . 1 Ram . | . . . . Kick . | . . . . Crush . | . . . . Escape Stasis . | . . . . Rewire 4 | . . 4 . Trap . | . . . . Miscellaneous . | . . . . Route ------- -11/Scrapyard -10/Materials (discovered 2 exits: *Mat / *Sub) -10/Subcaves -8/Scraptown (discovered 1 exit: *Fac) History --------- Turn | Location | Event 1 | -11/Scrapyard | Identified exit to Materials 1 | -11/Scrapyard | Discovered exit to Materials (range 0) 1 | -11/Scrapyard | Entered Materials 1 | -10/Materials | Evolved 1 slot: Weapon x1 320 | -10/Materials | Identified exit to Materials 320 | -10/Materials | Discovered exit to Materials (range 6) 553 | -10/Materials | Build established: Hacker-Skirmisher 562 | -10/Materials | Identified exit to Subcaves 562 | -10/Materials | Discovered exit to Subcaves (range 9) 593 | -10/Materials | Prayed at D.C.S.S. Altar Unit 602 | -10/Materials | Entered Subcaves 603 | -10/Subcaves | Approached by a straggling Scientist 610 | -10/Subcaves | Learned location of Storage (-8) 633 | -10/Subcaves | Learned Materials emergency access door positions 769 | -10/Subcaves | Scientist uncovered a shortcut to Scraptown 966 | -10/Subcaves | Entered Scraptown 1067 | -8/Scraptown | Visited Spacefarers 1208 | -8/Scraptown | Visited The Evicted 1327 | -8/Scraptown | Visited Bundlers 1669 | -8/Scraptown | Build established: Hacker-Gunner 1990 | -8/Scraptown | Visited UFD Registry 2003 | -8/Scraptown | Visited Symbiants 2036 | -8/Scraptown | Registered with UFD as "Plasmaninja" 2057 | -8/Scraptown | Visited Cave Peace 2103 | -8/Scraptown | Visited Awakened 2213 | -8/Scraptown | Identified exit to Factory 2213 | -8/Scraptown | Discovered exit to Factory (range 7) 2518 | -8/Scraptown | Visited Junk Repository 2561 | -8/Scraptown | Visited Analyses Database 2593 | -8/Scraptown | Build established: Hacker-Tank 2593 | -8/Scraptown | Visited Derelict Rescue Squad 2609 | -8/Scraptown | Found DRS Beacon 2844 | -8/Scraptown | Visited DA-N13 Charitable Foundation 2899 | -8/Scraptown | Met Optimus 2899 | -8/Scraptown | Accepted into 0bPrime 2953 | -8/Scraptown | Visited Scrap Suit Storage 2975 | -8/Scraptown | Civil war broke out across Scraptown 2985 | -8/Scraptown | Attached CPS modules to KV-X0G(x) 2988 | -8/Scraptown | Attached CPS modules to 4Y-MRB(j) 3021 | -8/Scraptown | Lost 5 allies 3024 | -8/Scraptown | Visited Science Guys 3060 | -8/Scraptown | Found Thermal Lance 3064 | -8/Scraptown | Optimus destroyed in the chaos of civil war 3102 | -8/Scraptown | Lost 7 allies 3135 | -8/Scraptown | Visited Sword Containment 3145 | -8/Scraptown | Found Prototype Slashing Weapon 3145 | -8/Scraptown | Identified Companion Sword 3176 | -8/Scraptown | Core integrity fell below 50% 3211 | -8/Scraptown | Core integrity fell below 20% 3228 | -8/Scraptown | Destroyed by 12-ZFT(j) with Overtuned Pulse Rifle Last Messages --------------- 03216_ MP-W0V(j) cannibalizes Ovr. Titanium Leg to repair Ovr. Titanium Leg. 03216_ Dropped Vortex Trap. 03217_ 19-BV8(x): "Down with Optimus!" 03218_ MP-W0V(j) cannibalizes Lgt. Deuterium Engine to repair Lgt. Deuterium Engine. 03219_ MP-W0V(j) suffers critical hit (Burn). 03219_ MP-W0V(j) destroyed. 03219_ X0-1V1 lends a hand with your twisted circuits (-8 system corruption). 03222_ 7G-53F(j) cannibalizes Mak. Microdissipator Network to repair Mak. Microdissipator Network. 03224_ Critical hit (Burn: +50). 03224_ Acquired Prototype Reactor. 03224_ Identified Graviton Reactor. 03225_ 7G-53F(j) suffers critical hit (Burn). 03225_ 7G-53F(j) critical meltdown. 03227_ Acquired Prototype Protection. 03227_ Identified Exp. Power Shielding. 03228_ X0-1V1 cackles wildly! Map ----- +----------------------------------------------------+ | #?????????????????????????????????????????? | | #?????????????????????????????????????????? | | #?????????????????????????????????????????? | | """#####???????????????????????????????????|?????? | | %"#???????????????????????????????????????|??!!?! | | *""#??????????????????????????????????????????==[= | | """#?????????????????????????????????????????!?!?* | | """#?????????????????????????????????????????????? | | """#?????????????????????????????????????????????? | | ####??????????????????????????????????????######## | | ??????????????????????????????????????????# | | ??????????????????????????????????????????# | | #########?????????????????????????????????# | | """"""""#?????????????????????????#####???# / | | "#?????????????????????????"""""""?# | | "#????????????????????????""""" "?## | | """ "#????????????????????????"" "###### ## | | """ "#???????????#???????????#"" "??#### X# | | """ "#???????????? ###????????"" ???# | | "#????????????? ?????????" ????# | | "#?????????????? ?????????? ?????# | | "#??????????????# ??????????# ##########" # | | # ##########???????#####%########### ##"#"#####"!# | | #???????#" " =["""""""""" "! = ""!=" | | #???????# =!!%!!%=& [& !%! !% /%!% | | #???????#" [!@ !! j !%[ [ *%! | | #???????#" *!%!= [ j !=%! !![ | | #???????#"%=!!%=*[! ! = =[ | | ## #???????# =!=[%%! =[ | | ?# #?????""" =! !""" "" """"""""""""""" | | ?# #?????"" [%" """""""""""""""""""""" | | ## #????""" !""###### ############## | | # #????""" ""# ##??????? | | # #?????""" ! ""# =[!! X"#??????? | | # ###?#?""" *%!""# " !["" ##??????? | | # ""#"#??"" = "?# ""=%%!"" X"#??????# | | # """"#??"" [ ""# "[ !!*="= ######### | | # ""###??##=!!== "" "= = * | | # ###?????#"=*%*!"" "" ! ! | | # #########!%===!""# " [[=######### | | ![!%""# "" "" ""#??????# | | # ! ""# "" ""!!*##??????? | | # ""# !X"#??????? | | # ""# ##??????? | | ## ""###### ############## | | """""""""""""""""""""""" | | """""""""""""="""""""""" | | [ / ! | | | | | +----------------------------------------------------+ Best States ------------- Heat Dissipation 80 Energy Generation 14 Energy Capacity 160 Matter Stores 300 Matter Capacity 300 Sight Range 16 Robot Scan Range 14 Terrain Scan Density 10 Armor Coverage 150 Resistance: KI 35 Resistance: TH 35 Resistance: EX 35 Resistance: EM 35 Resistance: I 35 Resistance: S 35 Resistance: P 35 Power Shielding 33 Utility Shielding 33 Evasion (%) 55 Salvage Targeting 4 Offensive Hacking 20 Item Schematics ----------------- None Robot Schematics ------------------ None Fabricated ------------ Nothing Repaired ---------- Nothing Studied --------- None Alien Tech Used ----------------- None Achievements -------------- Armchair Analyst Civilization 2243 Link The Feds Nice Directions, Buddy Sprinter Challenges ------------ None Game ------ Seed VisualCouplerRefractor Manual? 0 Play Time 00:39:08 Cumulative 30.3 hours Start 2026.08.11 @ 21:02:57 End 2026.08.12 @ 19:04:45 Sessions 3 Manual Loads 0 Difficulty Explorer Special Mode None Game No. 30 Rogue 5 Adventurer 0 Explorer 25 Win Type - Total 0 Types 0/0/0/0/0/0/0/0/0/0 Lore% 18 Gallery% 29 Achievement% 22 Wizard Run 0 Options --------- Layout 0 ASCII 0 Keyboard 1 Movement Vi Keybinds 0 Fullscreen 2 Font 24/X11 Map View 76x50 Zoom Use 0% Tactical HUD 1 Map Filters NONE Filters NONE Steam 1 RUN: 074c89af-bea2-4ac9-9740-3a1767a1e4d3